[ AOE2 MATCH · #506293089 ]
UnrankedBurgundians vs Malians
Rival team · LOSS
[ REPLAY ANALYSIS · EXTRACTED FROM THE RECORDED GAME ]
Feudal
9:21
Castle
25:08
Imperial
39:10
| APM avg | 53.6 |
| APM peak | 110 |
| eAPM avg | 27.9 |
| Villagers / military | 118 / 119 |
Focus
⚔️ 45.6% · 🌾 54.4%
Flemish Militia ×103 · Knight ×14 · Monk ×1 · Scout Cavalry ×1
Feudal
8:54
Castle
22:58
Imperial
—
| APM avg | 61.5 |
| APM peak | 123 |
| eAPM avg | 32.3 |
| Villagers / military | 82 / 141 |
Focus
⚔️ 51.3% · 🌾 48.7%
Militia ×111 · Spearman ×21 · Monk ×9
Match map
Initial resources + every placement click. Lines = walls · curves = elevation contours. ◆ gold · ⬟ stone · ● berries · ✦ relic · ◌ wall gap
Your base· Open — unwalled flank
ferminsin's base· Open — 4t gap
Smoothed initial terrain · ◌ = detected wall gap · hover for details
Inputs per minute
— 涅槃 - - ferminsin
Build order — 涅槃
First 150 of 408 actions detected
| 0:01 | Queue | Villager (Male) |
| 0:01 | Queue | Villager (Male) |
| 0:01 | Queue | Villager (Male) |
| 0:02 | Build | House |
| 0:03 | Build | House |
| 0:09 | Queue | Villager (Male) |
| 0:09 | Queue | Villager (Male) |
| 1:15 | Queue | Villager (Male) |
| 1:49 | Queue | Villager (Male) |
| 1:49 | Queue | Villager (Male) |
| 2:32 | Queue | Villager (Male) |
| 2:33 | Queue | Villager (Male) |
| 2:33 | Queue | Villager (Male) |
| 2:33 | Queue | Villager (Male) |
| 2:35 | Build | Lumber Camp |
| 3:03 | Build | House |
| 3:16 | Queue | Villager (Male) |
| 3:17 | Queue | Villager (Male) |
| 3:29 | Queue | Villager (Male) |
| 4:52 | Queue | Villager (Male) |
| 4:52 | Queue | Villager (Male) |
| 4:52 | Queue | Villager (Male) |
| 5:12 | Queue | Villager (Male) |
| 5:34 | Queue | Villager (Male) |
| 5:46 | Build | Mill |
| 5:56 | Research | Loom |
| 7:11 | Research | Feudal Age |
| 7:11 | Research | Feudal Age |
| 7:43 | Build | Barracks |
| 8:11 | Research | Double-Bit Axe |
| 8:11 | Research | Double-Bit Axe |
| 8:59 | Queue | Villager (Male) |
| 9:01 | Build | House |
| 9:04 | Build | Palisade Wall |
| 9:14 | Build | House |
| 9:18 | Build | Mining Camp |
| 9:21 | Age | Feudal Age |
| 9:34 | Research | Horse Collar |
| 9:34 | Research | Horse Collar |
| 9:45 | Queue | Villager (Male) |
| 9:45 | Queue | Villager (Male) |
| 9:57 | Queue | Flemish Militia |
| 9:57 | Queue | Flemish Militia |
| 9:57 | Queue | Flemish Militia |
| 10:13 | Build | House |
| 10:19 | Build | Palisade Wall |
| 10:22 | Build | Palisade Wall |
| 10:26 | Queue | Villager (Male) |
| 10:43 | Build | House |
| 10:45 | Build | House |
| 10:57 | Queue | Villager (Male) |
| 11:17 | Queue | Villager (Male) |
| 11:34 | Queue | Villager (Male) |
| 11:35 | Build | Farm |
| 11:38 | Queue | Villager (Male) |
| 11:39 | Build | Farm |
| 11:40 | Build | Farm |
| 11:40 | Build | Farm |
| 11:40 | Build | Farm |
| 11:41 | Build | Farm |
| 11:42 | Build | Farm |
| 11:44 | Queue | Villager (Male) |
| 12:05 | Queue | Villager (Male) |
| 12:07 | Build | Farm |
| 12:23 | Queue | Flemish Militia |
| 12:23 | Queue | Flemish Militia |
| 12:23 | Queue | Flemish Militia |
| 12:40 | Queue | Flemish Militia |
| 12:40 | Queue | Flemish Militia |
| 12:48 | Build | House |
| 12:50 | Build | House |
| 12:51 | Build | Palisade Wall |
| 12:56 | Queue | Villager (Male) |
| 13:11 | Queue | Flemish Militia |
| 13:11 | Queue | Flemish Militia |
| 13:33 | Build | Blacksmith |
| 13:39 | Queue | Villager (Male) |
| 13:44 | Queue | Flemish Militia |
| 14:17 | Queue | Flemish Militia |
| 14:18 | Queue | Villager (Male) |
| 14:23 | Build | Farm |
| 14:25 | Build | Farm |
| 14:54 | Queue | Villager (Male) |
| 15:08 | Queue | Flemish Militia |
| 15:09 | Research | Forging |
| 15:10 | Queue | Villager (Male) |
| 15:16 | Build | Farm |
| 15:17 | Build | Farm |
| 15:22 | Build | Farm |
| 15:25 | Queue | Flemish Militia |
| 15:26 | Queue | Flemish Militia |
| 15:31 | Queue | Villager (Male) |
| 15:33 | Build | Farm |
| 15:47 | Queue | Villager (Male) |
| 15:50 | Build | House |
| 15:51 | Build | House |
| 15:57 | Queue | Villager (Male) |
| 16:03 | Research | Scale Mail Armor |
| 16:04 | Research | Scale Mail Armor |
| 16:06 | Queue | Flemish Militia |
| 16:06 | Queue | Flemish Militia |
| 16:33 | Queue | Flemish Militia |
| 16:44 | Queue | Villager (Male) |
| 16:54 | Build | Palisade Wall |
| 17:19 | Queue | Villager (Male) |
| 17:19 | Queue | Villager (Male) |
| 17:35 | Queue | Flemish Militia |
| 17:36 | Queue | Flemish Militia |
| 17:37 | Queue | Villager (Male) |
| 17:38 | Research | Bow Saw |
| 17:38 | Research | Bow Saw |
| 17:43 | Build | Lumber Camp |
| 17:49 | Queue | Flemish Militia |
| 17:49 | Queue | Flemish Militia |
| 18:06 | Build | Farm |
| 18:08 | Build | Farm |
| 18:11 | Build | Farm |
| 18:29 | Queue | Villager (Male) |
| 18:40 | Queue | Villager (Male) |
| 18:41 | Queue | Flemish Militia |
| 18:42 | Queue | Flemish Militia |
| 18:50 | Research | Heavy Plow |
| 18:50 | Research | Heavy Plow |
| 19:03 | Build | House |
| 19:04 | Build | House |
| 19:06 | Queue | Villager (Male) |
| 19:15 | Build | Mill |
| 19:16 | Build | Farm |
| 19:17 | Build | Farm |
| 19:17 | Build | Farm |
| 19:24 | Queue | Villager (Male) |
| 19:26 | Research | Gold Mining |
| 19:26 | Research | Gold Mining |
| 19:27 | Research | Gold Mining |
| 19:55 | Build | Stable |
| 20:11 | Queue | Villager (Male) |
| 20:22 | Queue | Flemish Militia |
| 20:22 | Queue | Flemish Militia |
| 20:22 | Queue | Flemish Militia |
| 20:23 | Queue | Flemish Militia |
| 20:23 | Queue | Flemish Militia |
| 20:29 | Build | House |
| 20:35 | Build | Palisade Wall |
| 20:40 | Queue | Flemish Militia |
| 20:48 | Queue | Villager (Male) |
| 20:54 | Build | House |
| 20:54 | Build | House |
| 21:02 | Queue | Flemish Militia |
| 21:31 | Queue | Flemish Militia |
| 21:52 | Queue | Flemish Militia |
Build order — ferminsin
First 150 of 359 actions detected
| 0:01 | Queue | Villager (Male) |
| 0:02 | Queue | Villager (Male) |
| 0:02 | Queue | Villager (Male) |
| 0:02 | Queue | Villager (Male) |
| 0:03 | Build | House |
| 0:05 | Build | House |
| 1:25 | Queue | Villager (Male) |
| 1:25 | Queue | Villager (Male) |
| 1:58 | Build | Lumber Camp |
| 1:59 | Queue | Villager (Male) |
| 2:14 | Queue | Villager (Male) |
| 2:14 | Queue | Villager (Male) |
| 2:44 | Queue | Villager (Male) |
| 2:45 | Queue | Villager (Male) |
| 3:10 | Queue | Villager (Male) |
| 3:10 | Queue | Villager (Male) |
| 3:12 | Build | House |
| 3:13 | Build | House |
| 3:26 | Queue | Villager (Male) |
| 3:56 | Queue | Villager (Male) |
| 3:56 | Queue | Villager (Male) |
| 4:26 | Queue | Villager (Male) |
| 4:27 | Queue | Villager (Male) |
| 4:27 | Queue | Villager (Male) |
| 4:48 | Queue | Villager (Male) |
| 4:48 | Queue | Villager (Male) |
| 5:13 | Queue | Villager (Male) |
| 5:42 | Research | Loom |
| 5:45 | Build | Barracks |
| 6:44 | Research | Feudal Age |
| 6:49 | Queue | Militia |
| 6:49 | Queue | Militia |
| 6:57 | Build | Mining Camp |
| 7:16 | Queue | Militia |
| 7:16 | Queue | Militia |
| 7:41 | Queue | Militia |
| 7:41 | Queue | Militia |
| 7:45 | Build | House |
| 8:07 | Queue | Militia |
| 8:54 | Age | Feudal Age |
| 8:56 | Research | Man-at-Arms (upgrade) |
| 9:10 | Queue | Villager (Male) |
| 9:14 | Research | Double-Bit Axe |
| 9:35 | Queue | Villager (Male) |
| 9:39 | Build | Mill |
| 10:05 | Queue | Villager (Male) |
| 10:13 | Build | House |
| 10:13 | Build | Palisade Wall |
| 10:17 | Build | Palisade Wall |
| 10:41 | Queue | Militia |
| 11:01 | Queue | Militia |
| 11:03 | Build | Farm |
| 11:05 | Build | Farm |
| 11:13 | Queue | Militia |
| 11:18 | Build | House |
| 11:23 | Build | House |
| 11:30 | Build | Farm |
| 11:35 | Build | Palisade Wall |
| 11:36 | Build | Palisade Wall |
| 11:39 | Build | Palisade Wall |
| 11:41 | Build | Palisade Wall |
| 11:42 | Build | Palisade Wall |
| 11:45 | Build | Farm |
| 11:49 | Build | Farm |
| 11:53 | Build | Farm |
| 11:56 | Build | House |
| 11:57 | Build | Palisade Wall |
| 12:00 | Build | House |
| 12:03 | Queue | Villager (Male) |
| 12:12 | Queue | Militia |
| 12:19 | Build | Farm |
| 12:36 | Build | Farm |
| 12:37 | Queue | Villager (Male) |
| 12:38 | Queue | Villager (Male) |
| 12:39 | Build | Palisade Wall |
| 12:47 | Queue | Villager (Male) |
| 12:55 | Research | Town Watch |
| 13:08 | Queue | Villager (Male) |
| 13:11 | Build | House |
| 13:11 | Build | Palisade Wall |
| 13:15 | Build | Palisade Wall |
| 13:18 | Queue | Militia |
| 13:35 | Queue | Militia |
| 13:55 | Queue | Villager (Male) |
| 13:59 | Build | Blacksmith |
| 14:17 | Queue | Villager (Male) |
| 14:18 | Queue | Militia |
| 14:18 | Queue | Militia |
| 14:26 | Queue | Villager (Male) |
| 14:58 | Queue | Villager (Male) |
| 15:01 | Build | Farm |
| 15:02 | Build | Farm |
| 15:05 | Build | House |
| 15:07 | Queue | Militia |
| 15:15 | Research | Fletching |
| 15:15 | Research | Fletching |
| 15:16 | Research | Fletching |
| 15:17 | Build | House |
| 15:24 | Build | Farm |
| 15:27 | Queue | Villager (Male) |
| 15:37 | Research | Forging |
| 15:43 | Queue | Militia |
| 15:44 | Queue | Militia |
| 15:52 | Build | Farm |
| 15:53 | Queue | Villager (Male) |
| 15:53 | Queue | Villager (Male) |
| 15:58 | Build | House |
| 15:59 | Build | Palisade Wall |
| 16:05 | Build | Farm |
| 16:08 | Queue | Militia |
| 16:13 | Queue | Villager (Male) |
| 16:18 | Build | Farm |
| 16:32 | Queue | Militia |
| 16:44 | Queue | Militia |
| 16:58 | Build | House |
| 17:02 | Queue | Villager (Male) |
| 17:04 | Queue | Militia |
| 17:08 | Queue | Villager (Male) |
| 17:21 | Queue | Villager (Male) |
| 17:30 | Queue | Villager (Male) |
| 17:44 | Queue | Militia |
| 17:45 | Queue | Militia |
| 17:45 | Queue | Militia |
| 17:45 | Queue | Militia |
| 17:50 | Queue | Villager (Male) |
| 17:52 | Build | Market |
| 18:01 | Queue | Militia |
| 18:06 | Queue | Villager (Male) |
| 18:15 | Queue | Villager (Male) |
| 18:19 | Queue | Villager (Male) |
| 18:20 | Queue | Villager (Male) |
| 18:21 | Build | Lumber Camp |
| 18:35 | Queue | Villager (Male) |
| 18:55 | Queue | Villager (Male) |
| 18:58 | Build | House |
| 19:04 | Build | House |
| 19:06 | Build | House |
| 19:10 | Build | House |
| 19:31 | Build | House |
| 19:32 | Build | House |
| 19:41 | Queue | Villager (Male) |
| 20:10 | Build | Barracks |
| 20:18 | Research | Castle Age |
| 20:19 | Research | Castle Age |
| 20:32 | Queue | Militia |
| 20:51 | Queue | Spearman |
| 21:05 | Build | Palisade Gate |
| 21:07 | Build | House |
| 21:08 | Build | House |
| 21:10 | Build | Palisade Wall |
Match timeline
| 5:45 | ferminsin · first_building Barracks |
| 7:43 | 涅槃 · first_building Barracks |
| 8:54 | ferminsin · age_up feudal |
| 9:04 | 涅槃 · wall_segment Palisade Wall x1 |
| 9:21 | 涅槃 · age_up feudal |
| 10:13 | ferminsin · wall_segment Palisade Wall x4 |
| 10:17 | ferminsin · wall_segment Palisade Wall x5 |
| 10:19 | 涅槃 · wall_segment Palisade Wall x1 |
| 10:22 | 涅槃 · wall_segment Palisade Wall x1 |
| 11:35 | ferminsin · wall_segment Palisade Wall x1 |
| 11:36 | ferminsin · wall_segment Palisade Wall x1 |
| 11:39 | ferminsin · wall_segment Palisade Wall x1 |
| 11:41 | ferminsin · wall_segment Palisade Wall x1 |
| 11:42 | ferminsin · wall_segment Palisade Wall x1 |
| 11:57 | ferminsin · wall_segment Palisade Wall x3 |
| 12:39 | ferminsin · wall_segment Palisade Wall x1 |
| 12:51 | 涅槃 · wall_segment Palisade Wall x1 |
| 13:11 | ferminsin · wall_segment Palisade Wall x3 |
| 13:15 | ferminsin · wall_segment Palisade Wall x5 |
| 15:59 | ferminsin · wall_segment Palisade Wall x3 |
| 16:54 | 涅槃 · wall_segment Palisade Wall x1 |
| 19:46 | ferminsin · first_market_buy 100 food |
| 19:55 | 涅槃 · first_building Stable |
| 20:35 | 涅槃 · wall_segment Palisade Wall x1 |
| 21:10 | ferminsin · wall_segment Palisade Wall x1 |
| 22:58 | ferminsin · age_up castle |
| 23:40 | 涅槃 · wall_segment Palisade Wall x1 |
| 24:17 | ferminsin · wall_segment Palisade Wall x1 |
| 24:37 | ferminsin · first_market_sell 100 wood |
| 25:08 | 涅槃 · age_up castle |
| 25:25 | ferminsin · first_building Monastery |
| 27:55 | ferminsin · wall_segment Palisade Wall x1 |
| 29:42 | ferminsin · first_building Siege Workshop |
| 32:12 | 涅槃 · first_building Monastery |
| 34:36 | ferminsin · wall_segment Palisade Wall x1 |
| 37:38 | ferminsin · wall_segment Palisade Wall x1 |
| 39:10 | 涅槃 · age_up imperial |
| 39:22 | ferminsin · resign |
[ AI ANALYSIS · 1 CREDIT ]
What really happened in this match?
Wolo.gg analyzes every decision: build order, eco, micro, common mistakes by bracket. Personalized analysis on WhatsApp or Discord in 30 seconds.
Civ guide
Burgundians
Perfil
Jugador #13527043